 Dungeon Crawl Stone Soup version 0.31-a0-960-g0fca184906 (webtiles) character file.

Game seed: 874759192846489863

254 sammy202020 the Trooper (level 6, -1/40 HPs)
             Began as a Gargoyle Berserker on Oct 24, 2023.
             Was a Priest of Trog.
             Slain by an ogre
             ... wielding a +0 giant club
              (16 damage)
             ... on level 4 of the Dungeon.
             The game lasted 00:04:14 (2757 turns).

sammy202020 the Trooper (Gargoyle Berserker)        Turns: 2757, Time: 00:04:15

Health: -1/40      AC: 17    Str: 20    XL:     6   Next: 15%
Magic:  15/15      EV:  6    Int: 10    God:    Trog [***...]
Gold:   669        SH:  0    Dex:  9    Spells: 5/5 levels left

rFire   . . .        a - +1 mace
rCold   . . .        (no shield)
rNeg    + . .        d - +0 plate armour
rPois   ∞            (no helmet)
rElec   +            (no cloak)
rCorr   .            l - +0 pair of gloves
SInv    .            (no boots)
Will    .....        j - amulet of regeneration Stlth
                     h - ring of magical power
HPRegen 1.06/turn    (no ring)
MPRegen 0.14/turn

%: no passive effects
@: no status effects
A: sickness immunity, AC +4, negative energy resistance 1, electricity
resistance, torment resistance 1, petrification resistance
a: Renounce Religion, Berserk, Trog's Hand


You were on level 4 of the Dungeon.
You worshipped Trog.
Trog was most pleased with you.
You visited 1 branch of the dungeon, and saw 4 of its levels.

You collected 669 gold pieces.

Inventory:

Hand Weapons
 a - a +1 mace (weapon)
Missiles
 m - 4 boomerangs
Armour
 d - a +0 plate armour (worn)
 l - a +0 pair of gloves (worn)
Jewellery
 c - an amulet of faith
 h - a ring of magical power (left hand)
 j - an amulet of regeneration (around neck)
Wands
 n - a wand of paralysis (3)
Scrolls
 b - a scroll of teleportation
 f - a scroll of vulnerability
 k - a scroll of identify {unknown}
Potions
 e - 2 potions of curing {unknown}
 g - a potion of heal wounds {unknown}
 i - 2 potions of mutation {unknown}
 p - a potion of invisibility {unknown}


   Skills:
 * Level 4.8 Fighting
 * Level 4.4 Maces & Flails
 * Level 3.9 Armour
 + Level 2.4 Dodging


You had 5 spell levels left.
You didn't know any spells.
Your spell library was empty.

Dungeon Overview and Level Annotations

Branches:
Dungeon (4/15)
 Temple: D:4-7

Altars:
Ashenzari
Nemelex Xobeh
Okawaru
The Shining One


Innate Abilities, Weirdness & Mutations

You are immune to sickness and miasma.
Your stone body is resilient. (AC +4)
You are immune to poison.
You resist negative energy. (rN+)
You are resistant to electric shocks. (rElec)
You are resistant to unholy torment.
You are immune to petrification.


Message History

No target in view!
No target in view!
No target in view!
No target in view!
No target in view!
No target in view!
Items here: ( ))) [ ††.
m - 2 boomerangs
m - 4 boomerangs (gained 2)
You now have 669 gold pieces (gained 14).
Items here: ))) [ †.
Items here: )))) [ †††.
Okay, then.
An ogre comes into view. It is wielding a +0 giant club.
The ogre shouts!
You hear a shout!
You hear an angry hiss.
An ogre is nearby!
The ogre hits you with a +0 giant club!!
Ouch! That really hurt!
You are too injured to fight recklessly!
You are too injured to fight recklessly!
You are too injured to fight recklessly!
You are too injured to fight recklessly!
You are too injured to fight recklessly!
You are too injured to fight recklessly!
You are too injured to fight recklessly!
You are too injured to fight recklessly!
You are too injured to fight recklessly!
You are too injured to fight recklessly!
You are too injured to fight recklessly!
You are too injured to fight recklessly!
You are too injured to fight recklessly!
You are too injured to fight recklessly!
You are too injured to fight recklessly!
You are too injured to fight recklessly!
You are too injured to fight recklessly!
You are too injured to fight recklessly!
You are too injured to fight recklessly!
Unknown command.
The ogre attacks as it pursues you! The ogre hits you with a +0 giant club!
You die...

### ..# #.# #.# ######
#.# #. ....## #.#
..#..####...########.#
........O@...........##
..#..####...#####.##..##
# ##.## ##..##.#.##
###.####..#......#
#........###..##.#
#.######..#...##.## #.
##..#..#.#.# #
##.....###) #....#.#)#


You could see an ogre.

Vanquished Creatures
  A scorpion (D:4)
  A crimson imp (D:3)
  4 gnolls (D:4)
  4 adders
  2 worms
  3 dart slugs
  8 orcs
  5 endoplasms
  A giant cockroach (D:2)
  6 goblins
  4 hobgoblins
  4 quokkas
  3 ball pythons
  4 bats
  5 frilled lizards
  3 goblin zombies (D:3)
  2 hobgoblin zombies (D:3)
  11 kobolds
  A kobold skeleton (D:3)
  A kobold zombie (D:3)
  An orc skeleton (D:3)
  2 orc zombies (D:3)
  5 rats
81 creatures vanquished.

Notes
Turn   | Place    | Note
-------+----------+-------------------------------------------
     0 | D:1      | sammy202020 the Gargoyle Berserker began the quest for the
                  | Orb.
     0 | D:1      | Reached XP level 1. HP: 14/14 MP: 1/1
   253 | D:1      | Reached XP level 2. HP: 19/19 MP: 2/2
   317 | D:1      | Found a faded altar of an unknown god.
   982 | D:2      | Reached XP level 3. HP: 20/24 MP: 3/3
  1131 | D:2      | Reached ** piety under Trog
  1570 | D:2      | Identified a scroll of acquirement
  1573 | D:2      | Acquired 549 gold pieces
  1620 | D:3      | Reached XP level 4. HP: 29/29 MP: 4/4
  1642 | D:3      | Found an iron altar of Okawaru.
  1651 | D:3      | Found a sparkling altar of Nemelex Xobeh.
  1706 | D:3      | Found a glowing golden altar of the Shining One.
  2083 | D:3      | Reached XP level 5. HP: 33/33 MP: 5/5
  2119 | D:3      | Found the +5 Force Lance {heavy, knockback}
  2334 | D:3      | Found a broken altar of Ashenzari.
  2692 | D:4      | Reached XP level 6. HP: 29/39 MP: 6/6
  2706 | D:4      | Reached *** piety under Trog
  2757 | D:4      | Slain by an ogre

Illustrated notes

Levels and vault maps discovered:
D:1:      matt_arrival_grand_opening, layout_loops_ring,
          shapermc_ecumenical_altar_gd
D:2:      layout_basic, hex_medium, minmay_pentomino_v2
D:3:      minmay_recursive_quarters, layout_loops_cross,
          mainiacjoe_overflow_six_doors_small, mainiacjoe_overflow_tiny_flanked,
          nicolae_tso_besieged_by_evil, nemelex_diamond_rough_becter,
          amethyst_killhole, nrook_uturn
D:4:      minmay_bubble_buster, layout_loops_ring, general_overflow_altar,
          makhleb_heckhound_becter, nicolae_uskayaw_murder_on_the_dancefloor

Skill      XL: |  1  2  3  4  5 |
---------------+----------------+-----
Dodging        | 2 |  2.4
Fighting       | 4 |  4.8
Armour         | 3 |  3.9
Maces & Flails | 4 |  4.4

Action                     |  1- 3 |  4- 6 || total
---------------------------+-------+-------++-------
  Melee: Mace              |   127 |   162 ||   289
         Punch             |     2 |     1 ||     3
    Use: Scroll            |     5 |     3 ||     8
 Armour: Animal skin       |    19 |       ||    19
         Leather armour    |    36 |       ||    36
         Plate armour      |    38 |   186 ||   224
  Dodge: Dodged            |    66 |    61 ||   127

Table legend: (Time is in decaauts)
 A = Elapsed time spent in this place.
 B = Non-inter-level travel time spent in this place.
 C = Inter-level travel time spent in this place.
 D = Time resting spent in this place.
 E = Time spent auto-exploring this place.
 F = Levels seen in this place.
 G = Mean time per level.
                   A        B        C        D        E       F      G
               +--------+--------+--------+--------+--------+-----+--------+
         Total |   2818 |   2773 |     45 |      0 |   2070 |   4 |  704.5 |
       Dungeon |   2818 |   2773 |     45 |      0 |   2070 |   4 |  704.5 |
               +--------+--------+--------+--------+--------+-----+--------+

Top non-repeatable levels by time:
     D:3: 1044 daAuts
     D:1: 826 daAuts
     D:2: 812 daAuts
     D:4: 135 daAuts
